 Dungeon Crawl Stone Soup version 0.30-a0-1053-gbd8d5ba0ad (webtiles) character file.

Game seed: 9088726954997549442

25 Newt the Trooper (level 2, -1/24 HPs)
             Began as a Demonspawn Gladiator on Apr 11, 2023.
             Slain by a cerulean imp
             ... wielding a +1 spear
             ... summoned by Natasha
              (4 damage)
             ... on level 2 of the Dungeon.
             The game lasted 00:02:09 (1046 turns).

Newt the Trooper (Demonspawn Gladiator)             Turns: 1046, Time: 00:02:10

Health: -1/24      AC:  3    Str: 14    XL:     2   Next: 86%
Magic:  2/2        EV: 12    Int:  9    God:
Gold:   75         SH:  0    Dex: 14    Spells: 1/1 levels left

rFire   . . .      SeeInvis .    a - +0 rapier
rCold   . . .      Faith    .    (no shield)
rNeg    . . .      Spirit   .    b - +0 leather armour
rPois   .          Reflect  .    (helmet restricted)
rElec   .          Rampage  .    (no cloak)
rCorr   .                        (no gloves)
Will    .....                    (no boots)
Stlth   +                        (no amulet)
HPRegen 0.24/turn                (no ring)
MPRegen 0.08/turn                (no ring)

@: no status effects
A: antennae 1
a: no special abilities


You were on level 2 of the Dungeon.
You visited 1 branch of the dungeon, and saw 2 of its levels.

You collected 75 gold pieces.

Inventory:

Hand Weapons
 a - a +0 rapier (weapon)
Missiles
 d - 3 throwing nets (quivered)
 e - a javelin
 g - 3 poisoned darts
Armour
 b - a +0 leather armour (worn)
 c - a +0 helmet
Jewellery
 l - a ring of ice
Scrolls
 f - a scroll of amnesia {unknown}
 h - 2 scrolls of identify {unknown}
 i - 2 scrolls of poison {unknown}
 k - 3 scrolls of teleportation {unknown}
Potions
 j - a potion of magic {unknown}
 m - a potion of curing {unknown}


   Skills:
 + Level 3.4 Fighting
 - Level 2.6 Short Blades
 - Level 1.7 Throwing
 - Level 2.6 Dodging


You had one spell level left.
You didn't know any spells.
Your spell library contained the following spells:

 Spells                   Type           Power      Damage    Failure   Level
 Lesser Beckoning         Tloc           0%         N/A       61%         2
 Gell's Gravitas          Tloc           0%         N/A       83%         3
 Teleport Other           Tloc           0%         N/A       83%         3


Dungeon Overview and Level Annotations

Branches:
Dungeon (2/15)

Altars:

Shops:
D:1 (

Annotations:
D:2 Natasha


Innate Abilities, Weirdness & Mutations

You have a pair of small antennae on your head.


Message History

You throw a poisoned dart.
The poisoned dart completely misses Natasha.
Natasha casts a spell.
Unknown command.
Throw: 6 darts (poison)
Press: ? - help, Shift-Dir - straight line, f/p - Natasha
Aim: Natasha (51% to hit)
You throw a poisoned dart. The poisoned dart hits Natasha.
Natasha is poisoned.
Natasha drinks a potion.
Natasha's spells are empowered!
Unknown command.
Throw: 5 darts (poison)
Press: ? - help, Shift-Dir - straight line, f/p - Natasha
Aim: Natasha (spells empowered, poisoned, 51% to hit)
You throw a poisoned dart.
The poisoned dart closely misses Natasha.
The cerulean imp hits you from afar with a +1 spear.
Unknown command.
Throw: 4 darts (poison)
Press: ? - help, Shift-Dir - straight line, f/p - Natasha
Aim: Natasha (lightly wounded, spells empowered, poisoned, 51% to hit)
You throw a poisoned dart. The poisoned dart hits Natasha.
Natasha looks even sicker.
Natasha is lightly wounded.
Natasha completely misses you.
The cerulean imp hits you from afar with a +1 spear.
You miss Natasha.
Natasha is lightly wounded.
Natasha barely misses you.
The cerulean imp hits you but does no damage.
You hit Natasha.
Natasha is heavily wounded.
Natasha stares at you and mumbles some strange words.
The magic dart hits you!
The cerulean imp hits you but does no damage.
You hit Natasha but do no damage.
Natasha is heavily wounded.
Natasha claws you.
* * * LOW HITPOINT WARNING * * *
The cerulean imp hits you from afar with a +1 spear.
You die...

#########
##........
##.5.......
#..........
#@h(....(
#.#####..
.?# ....
..### .#.
.... ...#


You could see Natasha (empowered, very poisoned) and a cerulean imp (summoned).

Vanquished Creatures
  A dart slug (D:1)
  2 endoplasms (D:1)
  A giant cockroach (D:1)
  2 goblins (D:1)
  3 hobgoblins (D:1)
  3 kobolds (D:1)
  2 ball pythons (D:1)
  5 bats (D:1)
  A frilled lizard (D:1)
  3 rats (D:1)
23 creatures vanquished.

Notes
Turn   | Place    | Note
-------+----------+-------------------------------------------
     0 | D:1      | Newt the Demonspawn Gladiator began the quest for the Orb.
     0 | D:1      | Reached XP level 1. HP: 16/16 MP: 1/1
   221 | D:1      | Gained mutation: You have a pair of small antennae on your
                  | head. [demonic ancestry]
   221 | D:1      | Reached XP level 2. HP: 21/23 MP: 2/2
   255 | D:1      | Found Yzipnoso's Weapon Boutique.
   263 | D:1      | Reached skill level 3 in Fighting
  1038 | D:2      | Noticed Natasha
  1046 | D:2      | Slain by a cerulean imp

Illustrated notes

Levels and vault maps discovered:
D:1:      dpeg_arrival_boxes_within_box, layout_basic, serial_shops,
          nicolae_shop_statue_plus
D:2:      layout_rooms, basic_altar, roderic_serpentine_path,
          uniq_crazy_yiuf_cottage, uniq_natasha

Skill      XL: |  1  2 |
---------------+-------+-----
Fighting       | 3 |  3.4
Short Blades   | |  2.6
Throwing       | |  1.7
Dodging        | |  2.6

Action                     || total
---------------------------++-------
  Melee: Rapier            ||    76
         Punch             ||     1
  Throw: Dart              ||     5
 Armour: Leather armour    ||    26
  Dodge: Dodged            ||    59

Table legend: (Time is in decaauts)
 A = Elapsed time spent in this place.
 B = Non-inter-level travel time spent in this place.
 C = Inter-level travel time spent in this place.
 D = Time resting spent in this place.
 E = Time spent auto-exploring this place.
 F = Levels seen in this place.
 G = Mean time per level.
                   A        B        C        D        E       F      G
               +--------+--------+--------+--------+--------+-----+--------+
         Total |   1050 |   1004 |     46 |      0 |    801 |   2 |  525.0 |
       Dungeon |   1050 |   1004 |     46 |      0 |    801 |   2 |  525.0 |
               +--------+--------+--------+--------+--------+-----+--------+

Top non-repeatable levels by time:
     D:1: 1043 daAuts
     D:2: 7 daAuts
